 Dungeon Crawl Stone Soup version 0.31.0 (webtiles) character file.

Game seed: 17197142356381888296

103 qw the Shooter (level 4, -3/28 HPs)
             Began as a Gargoyle Hunter on Jan 19, 2024.
             Slain by Natasha (6 damage)
             ... on level 3 of the Dungeon.
             The game lasted 00:00:07 (1667 turns).

qw the Shooter (Gargoyle Hunter)                    Turns: 1667, Time: 00:00:07

Health: -3/28      AC: 11    Str: 14    XL:     4   Next: 79%
Magic:  4/4        EV: 10    Int: 10    God:
Gold:   144        SH:  0    Dex: 15    Spells: 3/3 levels left

rFire   . . .        a - +1 shortbow
rCold   . . .        (shield currently unavailable)
rNeg    + . .        k - +0 swamp dragon scales
rPois   inf          (no helmet)
rElec   +            i - +0 cloak
rCorr   .            (no gloves)
SInv    .            (no boots)
Will    .....        (no amulet)
Stlth   +            (no ring)
HPRegen 0.24/turn    (no ring)
MPRegen 0.09/turn

%: no passive effects
@: slowed, very slow
A: sickness immunity, AC +3, negative energy resistance 1, electricity
resistance, torment resistance 1, petrification resistance
a: no special abilities


You were on level 3 of the Dungeon.
You visited 1 branch of the dungeon, and saw 3 of its levels.

You collected 144 gold pieces.


Innate Abilities, Weirdness & Mutations

You are immune to sickness and miasma.
Your stone body is resilient. (AC +3)
You are immune to poison.
You resist negative energy. (rN+)
You are resistant to electric shocks. (rElec)
You are resistant to unholy torment.
You are immune to petrification.


   Skills:
 - Level 3.0 Fighting
 + Level 5.5 Ranged Weapons
 - Level 1.0 Armour
 - Level 1.5 Dodging
 - Level 1.1 Stealth


You had 3 spell levels left.
You didn't know any spells.
Your spell library was empty.

Inventory:

Hand Weapons
 a - a +1 shortbow (weapon)
Armour
 i - a +0 cloak (worn)
 k - +0 swamp dragon scales (worn)
Potions
 c - a potion of degeneration {unknown}
 d - a potion of attraction {unknown}
 h - a potion of curing {unknown}

Dungeon Overview and Level Annotations

Branches:
Dungeon (3/15)

Altars:

Annotations:
D:3 Natasha


Message History

The magic dart hits you.
Natasha mumbles some strange words.
1661 ||| RETREEEEATING.
Natasha attacks as she pursues you! Natasha barely misses you.
The cerulean imp hits you but does no damage.
1662 ||| RETREEEEATING.
Natasha howls an incantation.
Natasha's front paws start to glow.
The cerulean imp hits you but does no damage.
Natasha barely misses you.
The cerulean imp hits you but does no damage.
You shoot an arrow. The arrow barely misses the orc.
Natasha stares at you and mumbles some strange words.
The magic dart hits you. The orc closely misses you.
The cerulean imp barely misses you. Natasha barely misses you.
The orc barely misses you.
You shoot an arrow. The arrow completely misses the orc.
The cerulean imp barely misses you. Natasha closely misses you.
The orc completely misses you.
The cerulean imp hits you from afar with a +0 spear.
Natasha claws you. The orc hits you but does no damage.
You shoot an arrow. The arrow completely misses the orc.
The cerulean imp hits you but does no damage.
The orc hits you but does no damage. Natasha casts a spell at you.
The magic dart hits you but does no damage.
The orc hits you but does no damage. The cerulean imp barely misses you.
The orc closely misses you. Natasha barely misses you.
You shoot an arrow. The arrow completely misses the orc.
The orc hits you but does no damage. The cerulean imp completely misses you.
The orc closely misses you. Natasha claws you but does no damage.
The orc hits you with a +0 mace. The orc hits you with a +0 flail.
The cerulean imp closely misses you.
Natasha mumbles some strange words.
You shoot an arrow. The arrow hits the orc!
You kill the orc!
The cerulean imp hits you but does no damage.
The orc barely misses you. Natasha claws you.
You die...
Natasha curls up and begins to purr.

##### ####### ##...##
..
#¤¤.~~###@<...##...
###~.#.~#.)ho5.......
#.'.###.'.#.....#...
#.#~.#.¤##.#)5.## ..
#.#~~.~¤###.#####....
#.####### ##..ho5.#
#.......###.###o.....
###.###..#.## ...#.
#.# #.....# ....


You could see Natasha, 2 cerulean imps and an orc.

Vanquished Creatures
  Natasha (D:3)
  2 adders (D:2)
  A ribbon worm (D:2)
  2 orcs (D:3)
  6 ball pythons
  2 endoplasms
  2 giant cockroaches
  7 goblins
  2 hobgoblins
  8 jackals (D:1)
  3 quokkas
  5 bats
  5 frilled lizards
  5 kobolds
  6 rats
57 creatures vanquished.

Notes
Turn   | Place    | Note
-------+----------+-------------------------------------------
     0 | D:1      | qw the Gargoyle Hunter began the quest for the Orb.
     0 | D:1      | Reached XP level 1. HP: 12/12 MP: 1/1
     0 | D:1      | 0 ||| qw: Version: 0.3-a-132-g3d54051
     0 | D:1      | 0 ||| qw: Game counter: 57
     0 | D:1      | 0 ||| qw: Melee chars always use a shield: true
     0 | D:1      | 0 ||| qw: God list: Okawaru
     0 | D:1      | 0 ||| qw: Allow faded altars: false
     0 | D:1      | 0 ||| qw: Do Orc after clearing Dungeon:15 true
     0 | D:1      | 0 ||| qw: Do second Lair branch before Depths: true
     0 | D:1      | 0 ||| qw: Lair rune preference: random
     0 | D:1      | 0 ||| qw: Goals: Normal
     0 | D:1      | 0 ||| PLANNING D:1-11
    60 | D:1      | HP: 3/12 [jackal (3)]
   118 | D:1      | Reached XP level 2. HP: 17/17 MP: 2/2
   309 | D:1      | Reached XP level 3. HP: 20/21 MP: 3/3
   353 | D:1      | Reached skill level 5 in Ranged Weapons
   764 | D:1      | 764 ||| UPGRADING to +0 cloak.
   769 | D:1      | 769 ||| UPGRADING to +0 swamp dragon scales.
   779 | D:1      | 779 ||| DROPPING +0 leather armour.
   780 | D:1      | 780 ||| READING 2 scrolls labelled ODDO WORUNOCAF.
   780 | D:1      | 780 ||| IDENTIFYING fuming golden potion
   781 | D:1      | 781 ||| READING scroll of identify.
   781 | D:1      | 781 ||| IDENTIFYING green potion
   782 | D:1      | 782 ||| READING scroll labelled USOAMA OMEPSAE.
   783 | D:1      | 783 ||| READING 3 scrolls labelled UCLIOS HUQAPEO.
   884 | D:1      | 884 ||| READING scroll labelled MEGUUC TY REMO.
   885 | D:1      | 885 ||| DROPPING scroll of butterflies.
   886 | D:1      | 886 ||| DROPPING potion of lignification.
   887 | D:1      | 887 ||| DROPPING potion of magic.
   888 | D:1      | 888 ||| DROPPING 2 scrolls of vulnerability.
   917 | D:2      | Reached skill level 1 in Armour
   975 | D:2      | Reached XP level 4. HP: 27/27 MP: 4/4
  1100 | D:2      | Reached skill level 3 in Fighting
  1163 | D:2      | Found a faded altar of an unknown god.
  1295 | D:2      | 1295 ||| FLEEEEING.
  1555 | D:2      | 1555 ||| READING scroll labelled KEROIW ALI.
  1556 | D:2      | 1556 ||| READING scroll labelled BONUODOSEU.
  1577 | D:2      | 1577 ||| READING scroll labelled MUSSOU VUOTEI.
  1577 | D:2      | 1577 ||| ENCHANTING +0 shortbow.
  1578 | D:2      | 1578 ||| READING scroll labelled KIOFIR LAYDDIO.
  1606 | D:3      | Noticed Natasha
  1610 | D:3      | Killed Natasha
  1645 | D:3      | Noticed Natasha
  1650 | D:3      | 1650 ||| RETREEEEATING.
  1652 | D:3      | 1652 ||| RETREEEEATING.
  1653 | D:3      | 1653 ||| RETREEEEATING.
  1661 | D:3      | 1661 ||| RETREEEEATING.
  1662 | D:3      | 1662 ||| RETREEEEATING.
  1666 | D:3      | HP: 5/28 [orc/+0 mace (5)]
  1666 | D:3      | HP: 2/28 [orc/+0 flail (3)]
  1667 | D:3      | Slain by Natasha

Levels and vault maps discovered:
D:1:      dpeg_arrival_windows_large_door, layout_basic
D:2:      layout_loops_ring, shapermc_ecumenical_altar_mp_vishouse
D:3:      layout_loops_ring, nicolae_overflow_hidden_temple,
          chequers_temple_overflow_statue_of_worship,
          kennysheep_generic_room_13, uniq_grinder, uniq_natasha, uniq_jessica

Skill      XL: |  1  2  3  4 |
---------------+-------------+-----
Ranged Weapons | 5 |  5.5
Armour         | 1 |  1.0
Fighting       | 3 |  3.0
Dodging        | |  1.5
Stealth        | |  1.1

Action                     |  1- 3 |  4- 6 || total
---------------------------+-------+-------++-------
   Fire: Shortbow          |   119 |    46 ||   165
    Use: Scroll            |     5 |     4 ||     9
 Armour: Leather armour    |    36 |       ||    36
         Swamp dragon scal |     3 |    34 ||    37
  Dodge: Dodged            |    46 |    20 ||    66

Table legend:
 A = Non-vault XP
 B = Vault XP
 C = Vault XP percentage of total XP
 D = Non-vault monster count
 E = Vault monster count
 F = Vault count percentage of total count
                 A         B        C        D         E       F
            +---------+---------+-------+---------+---------+-------
      Total |     114 |      37 |  24.5 |      55 |       2 |   3.5
            +---------+---------+-------+---------+---------+-------
        D:1 |      53 |       0 |   0.0 |      33 |       0 |   0.0
        D:2 |      55 |       0 |   0.0 |      20 |       0 |   0.0
        D:3 |       6 |      37 |  86.0 |       2 |       2 |  50.0
            +---------+---------+-------+---------+---------+-------
